cohdb
Replays
Latest Replays
All Replays
Popular Replays
Top Player Replays
Match Explorer
How It Works
Community
CoH3 Stats
Reddit
Sign in to upload your games and track your stats! →
Sign in with Steam
Match 42746923
Unlisted
Match 42746923
Overview
Messages
Build Orders
End
Construct Weapon Support Center
Selects Heavy Weapons
M1919 Machine Gun Team
M1919 Machine Gun Team
Sniper
Construct Barracks
Selects M2HB .50cal Heavy Machine Gun
M1 Mortar Team
Mechanized Support Center
Riflemen Squad
Selects Assault Carriers
M3 Assault Carrier
Bazooka Squad
M1918 Browning Automatic Rifles
Grenade Package
Designate Forward Repair Station
M3 Assault Carrier
Selects Exchangeable Parts
Improved M9 Bazooka Rockets
Bargo the Black
大财没烦恼
m.burr
Json
Joraad
YJ_Styles
0
0
Comments
sign in to comment!
No comments posted yet!